 Dungeon Crawl Stone Soup version 0.27.1-2-g3b301248ec (webtiles) character file.

Game seed: 2018752203094241165

86 barney the Changer (level 4, -8/35 HPs)
             Began as a Draconian Transmuter on Oct 2, 2021.
             Succumbed to Sigmund's poison
             ... on level 2 of the Dungeon.
             The game lasted 00:02:10 (1689 turns).

barney the Changer (Draconian Transmuter)           Turns: 1689, Time: 00:02:11

Health: -8/35      AC:  6    Str: 13    XL:     4   Next: 26%
Magic:  4/7        EV: 12    Int: 14    God:
Gold:   158        SH:  0    Dex: 11    Spells: 1/7 levels left

rFire    + . .     SeeInvis .     - Unarmed
rCold    . . .     Faith    .   (no shield)
rNeg     . . .     Spirit   .   (armour unavailable)
rPois    .         Reflect  .   (helmet restricted)
rElec    .         Harm     .   i - +0 cloak
rCorr    .         Rampage  .   (no gloves)
Will     .....                  (no boots)
Stlth    +.........             (no amulet)
HPRegen  0.11/turn              a - ring of protection from fire
MPRegen  0.10/turn              (no ring)

@: lethally poisoned (-8 -> -59), very slightly contaminated, hasted, very quick
A: AC +5, unfitting armour, cold-blooded
a: no special abilities


You were on level 2 of the Dungeon.
You visited 1 branch of the dungeon, and saw 2 of its levels.

You collected 158 gold pieces.

Inventory:

Hand Weapons
 d - a +0 dagger
Armour
 i - a +0 cloak (worn)
Jewellery
 a - a ring of protection from fire (left hand)
 m - a +4 ring of protection
Scrolls
 b - 2 scrolls of brand weapon {unknown}
 f - a scroll of teleportation {unknown}
 j - a scroll of immolation {unknown}
 k - 2 scrolls of fog {unknown}
 n - a scroll of torment {unknown}
Potions
 c - a potion of brilliance
 g - a potion of flight {unknown}
 h - a potion of ambrosia {unknown}
 o - a potion of curing {unknown}


   Skills:
 - Level 1.1 Fighting
 - Level 1.7 Dodging
 - Level 3.0 Unarmed Combat
 - Level 2.0 Spellcasting
 + Level 4.6 Transmutations


You had one spell level left.
You knew the following spells:

 Your Spells              Type           Power      Damage    Failure   Level
a - Beastly Appendage     Tmut           28%        N/A       3%          1
b - Spider Form           Tmut/Pois      3%         N/A       28%         3
c - Wereblood             Tmut           14%        N/A       5%          2

Your spell library contained the following spells:

 Spells                   Type           Power      Damage    Failure   Level
 Ice Form                 Ice/Tmut       7%         N/A       67%         4


Dungeon Overview and Level Annotations

Branches:
Dungeon (2/15)

Altars:

Shops:
D:2 ?

Annotations:
D:2 1 runed translucent door, Crazy Yiuf, Sigmund


Innate Abilities, Weirdness & Mutations

Your plain brown scales are hard. (AC +5)
You cannot fit into any form of body armour.
You are cold-blooded and may be slowed by cold attacks.


Message History

You hit the worm.
You kill the worm!
Your transformation is almost over.
Your horns disappear.
Your talons disappear.
Found a dark potion.
No target in view!
o - a dark potion No target in view!
No target in view!
Found a scroll labelled FEPILAWNAI.
No target in view!
k - 2 scrolls labelled FEPILAWNAI (gained 1) Sigmund the Dreaded comes into view.
He is wielding a +5 scythe of venom.
Sigmund shouts!
Sigmund hits you from afar with a +5 scythe of venom.
You are poisoned.
You feel very sick.
Sigmund hits you with a +5 scythe of venom!
You are lethally poisoned!
There is a lethal amount of poison in your body!
You hit Sigmund but do no damage.
You feel extremely sick.
It was a potion of heal wounds.
You feel much better.
You feel very sick.
Sigmund hits you with a +5 scythe of venom!
You are more poisoned.
Okay, then.
Casting: Beastly Appendage (safe; 3% risk of failure)
Confirm with . or Enter, or press ? or * to list all spells.
The spell is quite dangerous to cast (28% risk of failure)!
Continue anyway?
You miscast Spider Form.
You are very lightly contaminated with residual magic.
Nothing appears to happen.
* * * LOW HITPOINT WARNING * * *
You feel extremely sick.
Sigmund hits you with a +5 scythe of venom.
* * * LOW HITPOINT WARNING * * *
You are more poisoned.
It was a potion of haste.
You feel yourself speed up.
You die...

##### #.## #.
.....# ....#
##.# .....##.#
###.# #.##
#.##.##.#
###.# ##.##
#.##.##.#
....# #...##
#.##.##.#
....# #....#
#.##.##.#
##..# #....#
#.......#
#..###....###
#.......#
##..#........#
#@##.##.#
....#........#
#@##.##.#
.............#
#.##.##.#
##.###.......#
#.##.##.#
.............#
#.##.##.#
.#####.......#
#.......# .#
#.#######
####.#### .#
#.# #.# .# #.#
######## #.#


You could see Sigmund.

Vanquished Creatures
  Terence (D:2)
  An adder (D:2)
  4 dart slugs
  2 worms (D:2)
  6 endoplasms
  A giant cockroach (D:2)
  2 goblins
  6 hobgoblins
  3 jackals (D:2)
  A kobold (D:2)
  A quokka (D:1)
  4 ball pythons (D:1)
  2 bats
  A frilled lizard (D:1)
  5 rats
40 creatures vanquished.

Notes
Turn   | Place    | Note
-------+----------+-------------------------------------------
     0 | D:1      | barney the Draconian Transmuter began the quest for the
                  | Orb.
     0 | D:1      | Reached XP level 1. HP: 16/16 MP: 3/3
   290 | D:1      | Reached XP level 2. HP: 12/23 MP: 3/5
   599 | D:1      | Reached skill level 3 in Transmutations
  1046 | D:2      | Reached XP level 3. HP: 28/28 MP: 3/6
  1082 | D:2      | Learned a level 3 spell: Spider Form
  1085 | D:2      | Learned a level 2 spell: Wereblood
  1118 | D:2      | Noticed Terence
  1125 | D:2      | Killed Terence
  1126 | D:2      | Reached skill level 4 in Transmutations
  1245 | D:2      | Found a faded altar of an unknown god.
  1258 | D:2      | Reached XP level 4. HP: 35/35 MP: 3/7
  1332 | D:2      | Found Putoril's Magic Scroll Shoppe.
  1386 | D:2      | Found a runed translucent door.
  1387 | D:2      | Noticed Crazy Yiuf
  1684 | D:2      | Noticed Sigmund
  1689 | D:2      | Succumbed to Sigmund's poison

Illustrated notes

Levels and vault maps discovered:
D:1:      minmay_arrival_semitransparent, layout_basic, minmay_tall_x
D:2:      layout_loops_cross, serial_shops, shop_coins,
          hellmonk_ecumenical_altar_run_dry, uniq_terence, uniq_sigmund,
          uniq_crazy_yiuf_cottage

Skill      XL: |  1  2  3 |
---------------+----------+-----
Transmutations | 3 4 |  4.6
Fighting       | |  1.1
Dodging        | |  1.7
Unarmed Combat | |  3.0
Spellcasting   | |  2.0

Action                   |  1- 3 |  4- 6 || total
-------------------------+-------+-------++-------
Melee: Unarmed           |    75 |    32 ||   107
       Headbutt          |     3 |       ||     3
       Kick              |    11 |     2 ||    13
       Tailslap          |     3 |     3 ||     6
 Cast: Beastly Appendage |    14 |     3 ||    17
       Spider Form       |     3 |     2 ||     5
  Use: Potion            |     1 |     2 ||     3
Armor: Skin              |    15 |     8 ||    23
Dodge: Dodged            |    48 |    38 ||    86
